 Dungeon Sprint DCSS version 0.17-b1-25-g6d8775f (webtiles) character file.

17572 hexophile the Fencer (level 12, -3/125 HPs)
             Began as a Minotaur Berserker on Nov 5, 2015.
             Was the Champion of Trog.
             Slain by a naga warrior
             ... wielding a +0 flail
              (19 damage)
             ... in the Dungeon (Sprint VII: "The Pits").
             The game lasted 00:10:39 (2325 turns).

hexophile the Fencer (Minotaur Berserker)           Turns: 2325, Time: 00:10:39

Health: -3/125     AC: 19    Str: 27    XL:     12   Next: 20%
Magic:  3/3        EV: 15    Int:  4    God:    Trog [******]
Gold:   56         SH:  0    Dex: 13    Spells: 0 memorised, 11 levels left

rFire  . . .     SeeInvis .     w - +4 triple sword (antimagic)
rCold  . . .     Clarity  .     o - +2 plate armour
rNeg   . . .     SustAt   .     (shield currently unavailable)
rPois  .         Gourm    .     (helmet restricted)
rElec  .         Spirit   .     (no cloak)
rCorr  .         Warding  .     (no gloves)
rMut   .         NoTele   +     (no boots)
MR     ++...                    (no amulet)
Stlth  ..........               q - +3 ring of dexterity
                                p - +3 ring of evasion

@: lethally poisoned (-3 -> -3), exhausted, very slightly contaminated,
regenerating, slowed, constricted, very slow, very resistant to hostile
enchantments, extremely unstealthy
A: retaliatory headbutt, hooves 1, horns 2
a: Berserk, Trog's Hand, Brothers in Arms, Burn Spellbooks, Renounce Religion


You were in the Dungeon.
You worshipped Trog.
Trog was exalted by your worship.
You were not hungry.

You visited 1 branch You collected 56 gold pieces.


Innate Abilities, Weirdness & Mutations

You reflexively headbutt those who attack you in melee.
You have a pair of horns on your head.
You have large cloven feet.

Inventory:

Hand Weapons
 b - a +2 long sword of holy wrath
 n - the +2 great sword of Hedonism {slice, *Noise Str+3 Dex+10 SInv}
   (Trog gifted it to you in the Dungeon)

   It inflicts extra damage upon your enemies.
   It affects your strength (+3).
   It affects your dexterity (+10).
   It lets you see invisible.
   It may make noises in combat.
 u - a +2 scimitar of flaming
 w - a +4 antimagic triple sword (weapon)
 A - a +2 triple sword of slicing
Armour
 o - a +2 plate armour (worn)
Jewellery
 p - a +3 ring of evasion (left hand)
 q - a +3 ring of dexterity (right hand)
Scrolls
 c - 2 scrolls of fear
 l - 4 scrolls of remove curse
 m - a scroll of summoning
 v - 2 scrolls of recharging
 x - a scroll of blinking
 y - a scroll of identify
 z - 2 scrolls of enchant armour
Potions
 d - 8 potions of curing
 e - 9 potions of heal wounds
 f - 4 potions of haste
 g - 4 potions of magic
 h - 9 potions of berserk rage
 i - a potion of brilliance {Archmagi Int+5 Wiz++}
 s - a potion of cure mutation {!q}
 t - a potion of agility {Stlth+ Dex+5 EV+5}
Comestibles
 a - 34 fruits
 j - 7 meat rations
 r - 7 bread rations
 B - 3 chunks of flesh


You had 11 spell levels left.
You didn't know any spells.


   Skills:
 * Level 17.0 Fighting
 * Level 20.9 Long Blades
 * Level 16.7 Armour
 * Level 15.5 Dodging

Dungeon Overview and Level Annotations

Branches:
Dungeon (1/1)

Altars:
Ashenzari
Cheibriados
Dithmenos
Elyvilon
Fedhas
Kikubaaqudgha
Makhleb
Nemelex Xobeh
Okawaru
Ru
Sif Muna
Trog
Vehumet
Xom
Yredelemnul
Zin
The Shining One
Beogh
Jiyva
Lugonu

Vault maps used:
D:        pitsprint
You       could see a naga warrior, a yaktaur captain and 2 yaktaurs.


Message History

You flicker back into view.
The naga warrior completely misses you. The naga warrior barely misses you.
The deep elf knight casts a spell.
The deep elf knight flickers and vanishes!
Deactivating autopickup; reactivate with Ctrl-A.
Restored 2 HP.
You have now: 104/125 HP.
Unknown command.
Unknown command.
You bump into the metal wall.
You feel the effects of Trog's Hand fading.
The yaktaur captain shoots a bolt.
The bolt misses you. Something completely misses you.
The naga warrior barely misses you. The naga warrior closely misses you.
Restored 2 HP.
You have now: 106/125 HP.
Unknown command.
Unknown command.
You slash the naga warrior!
You kick the naga warrior, but do no damage.
The naga warrior is moderately wounded.
You feel less confused.
The yaktaur captain shoots a bolt.
The bolt hits you!! Something hits you! The naga warrior hits you with a flail!
The naga warrior grabs you. The naga warrior constricts you.
You lost 38 HP.
You have now: 68/125 HP.
Unknown command.
Your skin crawls.
You feel resistant to hostile enchantments.
You feel slightly more hungry. Something hits you!
The yaktaur captain shoots a bolt.
The bolt hits you! The naga warrior spits poison at you.
The splash of poison hits you!
You are poisoned.
* * * LOW HITPOINT WARNING * * *
* * * LOW HITPOINT WARNING * * *
The naga warrior constricts you. The naga warrior barely misses you.
* * * LOW HITPOINT WARNING * * *
The naga warrior constricts you. Something barely misses you.
The yaktaur captain shoots a bolt.
The bolt hits you!!
* * * LOW HITPOINT WARNING * * *
You lost 53 HP.
You have now: 15/125 HP.
Unknown command.
Unknown command.
Read which item? (? for menu, Esc to quit)
As you read the scroll of fear, it crumbles to dust.
You assume a fearsome visage.
The naga warrior resists with some effort.
The yaktaur captain resists with almost no effort.
The yaktaur looks frightened!
You feel sick.
The naga warrior hits you with a flail!!
You die...

Action                   |  1- 3 |  4- 6 |  7- 9 | 10-12 || total
-------------------------+-------+-------+-------+-------++-------
Melee: Falchion          |    20 |     2 |       |       ||    22
       Long sword        |       |    19 |    36 |       ||    55
       Great sword       |       |       |    45 |    90 ||   135
       Scimitar          |       |       |     2 |       ||     2
       Triple sword      |       |       |       |    44 ||    44
Invok: Berserk           |     2 |     1 |     5 |     7 ||    15
       Trog's Hand       |     1 |     1 |     4 |     5 ||    11
       Brothers in Arms  |       |       |       |     2 ||     2
  Use: Potion            |       |       |     1 |     4 ||     5
       Scroll            |       |       |       |     2 ||     2
 Stab: Invisible         |       |       |     4 |     3 ||     7
  Eat: Chunk             |       |     2 |     6 |    12 ||    20
       Fruit             |       |       |     1 |     5 ||     6
       Bread ration      |       |       |       |     1 ||     1

Notes
Turn   | Place    | Note
--------------------------------------------------------------
     0 | D        | hexophile the Minotaur Berserker began the quest for the Orb.
     0 | D        | Reached XP level 1. HP: 19/19 MP: 0/0
     9 | D        | Reached skill level 4 in Long Blades
    40 | D        | Found a sacrificial altar of Ru.
    40 | D        | Found a shadowy altar of Dithmenos.
    40 | D        | Found a bloodstained altar of Trog.
    40 | D        | Found a deep blue altar of Sif Muna.
    40 | D        | Found a shimmering altar of Xom.
    40 | D        | Found a sparkling altar of Nemelex Xobeh.
    40 | D        | Found a corrupted altar of Lugonu.
    40 | D        | Found a viscous altar of Jiyva.
    41 | D        | Found a basalt altar of Yredelemnul.
    41 | D        | Found a glowing golden altar of the Shining One.
    41 | D        | Found a shattered altar of Ashenzari.
    41 | D        | Found a white marble altar of Elyvilon.
    41 | D        | Found a snail-covered altar of Cheibriados.
    41 | D        | Found a blossoming altar of Fedhas.
    41 | D        | Found a radiant altar of Vehumet.
    41 | D        | Found a burning altar of Makhleb.
    41 | D        | Found an ancient bone altar of Kikubaaqudgha.
    41 | D        | Found a glowing silver altar of Zin.
    41 | D        | Found a roughly hewn altar of Beogh.
    41 | D        | Found an iron altar of Okawaru.
    57 | D        | Reached skill level 5 in Long Blades
    60 | D        | Reached ** piety under Trog
    60 | D        | Reached skill level 6 in Long Blades
    60 | D        | Reached XP level 2. HP: 26/26 MP: 1/1
   108 | D        | Reached skill level 7 in Long Blades
   238 | D        | Noticed a water moccasin
   243 | D        | Killed a water moccasin
   243 | D        | Reached skill level 11 in Long Blades
   243 | D        | Reached XP level 3. HP: 31/31 MP: 2/2
   243 | D        | Reached XP level 4. HP: 39/39 MP: 3/3
   244 | D        | Reached *** piety under Trog
   500 | D        | Noticed a deep elf fighter
   500 | D        | Noticed a warg
   501 | D        | Noticed an orc wizard
   502 | D        | Noticed an orc wizard
   523 | D        | Reached **** piety under Trog
   523 | D        | Reached skill level 12 in Long Blades
   529 | D        | Killed a warg
   529 | D        | Reached skill level 14 in Long Blades
   529 | D        | Reached XP level 5. HP: 45/45 MP: 4/4
   536 | D        | Killed a deep elf fighter
   536 | D        | Reached skill level 16 in Long Blades
   536 | D        | Reached XP level 6. HP: 51/51 MP: 5/5
   570 | D        | Noticed an ogre
   575 | D        | Killed an ogre
   575 | D        | Reached ***** piety under Trog
   601 | D        | Noticed an orc wizard
   602 | D        | Paralysed by a giant eyeball for 2 turns
   605 | D        | Killed an orc wizard
   605 | D        | Reached XP level 7. HP: 52/58 MP: 6/6
   615 | D        | Killed an orc wizard
   615 | D        | Reached skill level 4 in Fighting
   615 | D        | Reached skill level 3 in Armour
   620 | D        | Noticed an orc warrior
   629 | D        | Killed an orc warrior
   629 | D        | Received a gift from Trog
   629 | D        | Reached skill level 5 in Fighting
   629 | D        | Reached skill level 4 in Armour
   629 | D        | Reached skill level 3 in Dodging
   637 | D        | Got a transparent great sword {god gift}
   638 | D        | Identified the +2 great sword of Hedonism {slice, *Noise Str+3 Dex+10 SInv} (Trog gifted it to you in the Dungeon)
   689 | D        | Reached skill level 4 in Dodging
   691 | D        | Noticed a hellwing
   702 | D        | Killed a hellwing
   702 | D        | Reached skill level 6 in Fighting
   702 | D        | Reached skill level 17 in Long Blades
   702 | D        | Reached skill level 5 in Armour
   702 | D        | Reached skill level 5 in Dodging
   754 | D        | Noticed a giant leech
   754 | D        | Noticed a blue devil
   761 | D        | Killed a blue devil
   761 | D        | Reached skill level 7 in Fighting
   761 | D        | Reached skill level 6 in Armour
   761 | D        | Reached skill level 6 in Dodging
   761 | D        | Reached XP level 8. HP: 73/73 MP: 7/7
   769 | D        | Killed a giant leech
   769 | D        | Reached skill level 8 in Fighting
   769 | D        | Reached skill level 7 in Armour
   769 | D        | Reached skill level 7 in Dodging
   859 | D        | Noticed Pikel
   859 | D        | Noticed a slave
   859 | D        | Noticed a slave
   863 | D        | Killed a slave
   864 | D        | Noticed a slave
   866 | D        | Killed Pikel
   866 | D        | Received a gift from Trog
   866 | D        | Reached skill level 9 in Fighting
   866 | D        | Reached skill level 8 in Armour
   866 | D        | Reached skill level 8 in Dodging
  1015 | D        | Noticed an orc priest
  1019 | D        | Killed an orc wizard
  1019 | D        | Reached skill level 9 in Armour
  1021 | D        | Killed an orc priest
  1063 | D        | Noticed a crimson imp
  1070 | D        | Reached ****** piety under Trog
  1075 | D        | Noticed a cyclops
  1093 | D        | Killed a crimson imp
  1093 | D        | Received a gift from Trog
  1104 | D        | Killed a cyclops
  1104 | D        | Reached skill level 10 in Fighting
  1104 | D        | Reached skill level 9 in Dodging
  1104 | D        | Reached XP level 9. HP: 86/86 MP: 8/8
  1147 | D        | Noticed a bog body
  1147 | D        | Noticed an eye of draining
  1147 | D        | Noticed a hill giant
  1147 | D        | Noticed an elephant
  1154 | D        | Killed an elephant
  1154 | D        | Reached skill level 10 in Armour
  1158 | D        | Killed a hill giant
  1158 | D        | Reached skill level 11 in Fighting
  1158 | D        | Reached skill level 10 in Dodging
  1160 | D        | Killed an eye of draining
  1160 | D        | Reached skill level 18 in Long Blades
  1160 | D        | Reached skill level 11 in Armour
  1165 | D        | Killed a bog body
  1230 | D        | Noticed a wraith
  1232 | D        | Noticed a trapdoor spider
  1235 | D        | Killed a trapdoor spider
  1235 | D        | Received a gift from Trog
  1238 | D        | Noticed a vampire mosquito
  1240 | D        | Noticed a vampire mosquito
  1240 | D        | Noticed a vampire mosquito
  1240 | D        | Noticed an orc sorcerer
  1240 | D        | Killed a wraith
  1241 | D        | Noticed a jumping spider
  1245 | D        | Killed a vampire mosquito
  1245 | D        | Reached skill level 12 in Fighting
  1247 | D        | Killed a vampire mosquito
  1247 | D        | Reached XP level 10. HP: 97/97 MP: 9/9
  1249 | D        | Killed a jumping spider
  1249 | D        | Reached skill level 11 in Dodging
  1252 | D        | Noticed a merfolk
  1254 | D        | Killed a vampire mosquito
  1254 | D        | Reached skill level 12 in Armour
  1260 | D        | Noticed a shadow wraith
  1270 | D        | Paralysed by an orc sorcerer for 7 turns
  1284 | D        | Killed a merfolk
  1287 | D        | Killed a shadow wraith
  1290 | D        | Killed an orc sorcerer
  1290 | D        | Received a gift from Trog
  1290 | D        | Reached skill level 13 in Fighting
  1290 | D        | Reached skill level 12 in Dodging
  1341 | D        | Noticed a jumping spider
  1364 | D        | Killed a jumping spider
  1364 | D        | Reached skill level 13 in Armour
  1476 | D        | Noticed a wolf
  1476 | D        | Noticed a wolf
  1476 | D        | Noticed a wolf
  1477 | D        | Noticed a wolf
  1478 | D        | Noticed a wolf
  1480 | D        | Killed a wolf
  1482 | D        | Killed a wolf
  1486 | D        | Killed a wolf
  1487 | D        | Killed a wolf
  1488 | D        | Killed a wolf
  1549 | D        | Noticed a spiny frog
  1552 | D        | Killed a spiny frog
  1566 | D        | Noticed a gargoyle
  1566 | D        | Noticed a snapping turtle
  1568 | D        | Noticed a vampire mosquito
  1583 | D        | Noticed a hound
  1585 | D        | Noticed a wight
  1586 | D        | Noticed a wight
  1587 | D        | Killed a snapping turtle
  1587 | D        | Received a gift from Trog
  1588 | D        | Noticed a shadow wraith
  1589 | D        | Killed a gargoyle
  1589 | D        | Reached skill level 14 in Fighting
  1589 | D        | Reached skill level 19 in Long Blades
  1590 | D        | Noticed a wight
  1590 | D        | Killed a hound
  1608 | D        | Killed a wight
  1644 | D        | Noticed a vampire mosquito
  1645 | D        | Noticed a wight
  1649 | D        | Killed a vampire mosquito
  1652 | D        | Killed a vampire mosquito
  1653 | D        | Noticed a vampire mosquito
  1653 | D        | Killed a vampire mosquito
  1656 | D        | Killed a wight
  1664 | D        | Killed a wight
  1669 | D        | Killed a wight
  1669 | D        | Reached skill level 13 in Dodging
  1674 | D        | Noticed a ynoxinul
  1676 | D        | Noticed a freezing wraith
  1676 | D        | Noticed a redback
  1678 | D        | Killed a ynoxinul
  1678 | D        | Reached XP level 11. HP: 110/110 MP: 10/10
  1683 | D        | Killed a redback
  1683 | D        | Reached skill level 14 in Armour
  1687 | D        | Killed a freezing wraith
  1689 | D        | Noticed a water moccasin
  1690 | D        | Noticed a freezing wraith
  1691 | D        | Noticed a wight
  1700 | D        | Noticed a freezing wraith
  1700 | D        | Killed a freezing wraith
  1703 | D        | Killed a water moccasin
  1710 | D        | Killed a shadow wraith
  1713 | D        | Killed a freezing wraith
  1714 | D        | Killed a wight
  1744 | D        | Noticed a water moccasin
  1745 | D        | Noticed a wandering mushroom
  1748 | D        | Killed a water moccasin
  1748 | D        | Received a gift from Trog
  1754 | D        | Killed a wandering mushroom
  1901 | D        | Noticed a boulder beetle
  1902 | D        | Noticed a redback
  1904 | D        | Killed a redback
  1923 | D        | Killed a boulder beetle
  1923 | D        | Reached skill level 15 in Fighting
  1973 | D        | Noticed a hell hog
  1973 | D        | Noticed a guardian serpent
  1974 | D        | Noticed a hornet
  1974 | D        | Noticed a hell hog
  1977 | D        | Killed a hornet
  1981 | D        | Killed a hell hog
  1981 | D        | Reached skill level 15 in Armour
  1981 | D        | Reached skill level 14 in Dodging
  1983 | D        | Killed a hell hog
  1984 | D        | Killed a guardian serpent
  1984 | D        | Reached skill level 20 in Long Blades
  2021 | D        | Gained mutation: You can breathe flames. [mutagenic meat]
  2022 | D        | Gained mutation: You tend to lose your temper in combat. [mutagenic meat]
  2024 | D        | Gained mutation: Your body sometimes deteriorates upon taking damage. [mutagenic meat]
  2025 | D        | Gained mutation: You have large cloven feet. [mutagenic meat]
  2029 | D        | Lost mutation: Your body sometimes deteriorates upon taking damage. [potion of cure mutation]
  2029 | D        | Lost mutation: You tend to lose your temper in combat. [potion of cure mutation]
  2029 | D        | Lost mutation: You can breathe flames. [potion of cure mutation]
  2214 | D        | Noticed an orc high priest
  2214 | D        | Noticed an orc warrior
  2214 | D        | Noticed an orc warrior
  2215 | D        | Noticed a fire elemental
  2216 | D        | Killed an orc warrior
  2216 | D        | Received a gift from Trog
  2218 | D        | Noticed an orc warrior
  2223 | D        | Killed an orc high priest
  2225 | D        | Killed an orc warrior
  2228 | D        | Killed a fire elemental
  2231 | D        | Killed an orc warrior
  2282 | D        | Noticed an anaconda
  2282 | D        | Noticed an orc knight
  2282 | D        | Noticed an orc knight
  2282 | D        | Noticed an orc knight
  2282 | D        | Noticed an orc knight
  2283 | D        | Noticed an orc knight
  2283 | D        | Noticed an orc warlord
  2283 | D        | Noticed an orc warlord
  2287 | D        | Noticed a komodo dragon
  2291 | D        | Killed an orc knight
  2291 | D        | Received a gift from Trog
  2293 | D        | Killed an orc knight
  2294 | D        | Noticed an orc knight
  2294 | D        | Killed an orc knight
  2294 | D        | Reached skill level 16 in Fighting
  2296 | D        | Noticed a yaktaur
  2296 | D        | Killed an orc knight
  2297 | D        | Killed an anaconda
  2299 | D        | Noticed an orc knight
  2299 | D        | Noticed a yaktaur
  2301 | D        | Killed an orc warlord
  2301 | D        | Reached skill level 16 in Armour
  2301 | D        | Reached skill level 15 in Dodging
  2304 | D        | Killed an orc warlord
  2304 | D        | Reached XP level 12. HP: 124/124 MP: 3/11
  2304 | D        | Killed a komodo dragon
  2304 | D        | Received a gift from Trog
  2307 | D        | Killed an orc knight
  2307 | D        | Killed an orc knight
  2308 | D        | Killed an orc knight
  2310 | D        | Noticed an orc knight
  2310 | D        | Noticed a yaktaur
  2311 | D        | Noticed a deep elf knight
  2312 | D        | Killed a yaktaur
  2314 | D        | Noticed a yaktaur captain
  2314 | D        | Killed an orc knight
  2315 | D        | Noticed a deep elf knight
  2316 | D        | Noticed a naga warrior
  2319 | D        | Killed a deep elf knight
  2319 | D        | Received a gift from Trog
  2319 | D        | Reached skill level 17 in Fighting
  2325 | D        | Slain by a naga warrior

Table legend:
 A = Turns spent in this place as a percentage of turns spent in the entire game.
 B = Non-inter-level travel turns spent in this place as a percentage of non-inter-level travel turns spent in the entire game.
 C = Inter-level travel turns spent in this place as a percentage of turns spent in this place.
 D = Turns resting spent in this place as a percentage of non-inter-level travel turns spent in this place.
 E = Turns spent auto-exploring this place as a percentage of non-inter-level travel turns spent in this place.
 F = Non-inter-level travel turns spent in this place divided by the number of levels of this place that you've seen.
                   A       B       C       D       E      F
               +-------+-------+-------+-------+-------+----------------------
         Total | 100.0 | 100.0 |   0.1 |   8.1 |   0.0 | 1257.0
       Dungeon | 100.0 | 100.0 |   0.1 |   8.1 |   0.0 | 1257.0
               +-------+-------+-------+-------+-------+----------------------

Table legend:
 A = Kills in this place as a percentage of kills in entire the game.
 B = Kills by you in this place as a percentage of kills by you in the entire game.
 C = Kills by friends in this place as a percentage of kills by friends in the entire game.
 D = Other kills in this place as a percentage of other kills in the entire game.
 E = Experience gained in this place as a percentage of experience gained in the entire game.
 F = Experience gained in this place divided by the number of levels of this place that you have seen.
                   A       B       C       D       E      F
               +-------+-------+-------+-------+-------+----------------------
         Total | 100.0 | 100.0 | 100.0 |  -nan | 100.0 | 25103.0
       Dungeon | 100.0 | 100.0 | 100.0 |  -nan | 100.0 | 25103.0
               +-------+-------+-------+-------+-------+----------------------

Vanquished Creatures
  2 orc warlords (D)
  An orc high priest (D)
  2 hell hogs (D)
  A deep elf knight (D)
  2 shadow wraiths (D)
  Pikel (D)
  An orc sorcerer (D)
  A hill giant (D)
  A hornet (D)
  4 orc knights (D)
  A cyclops (D)
  An elephant (D)
  A guardian serpent (D)
  A spiny frog (D)
  A gargoyle (D)
  A hellwing (D)
  2 jumping spiders (D)
  A wandering mushroom (D)
  A blue devil (D)
  3 freezing wraiths (D)
  A merfolk (D)
  A giant leech (D)
  A boulder beetle (D)
  A snapping turtle (D)
  A bog body (D)
  A redback (D)
  A deep elf fighter (D)
  A wraith (D)
  A trapdoor spider (D)
  A ynoxinul (D)
  A fire elemental (D)
  6 vampire mosquitoes (D)
  A warg (D)
  3 water moccasins (D)
  5 wolves (D)
  An ogre (D)
  An eye of draining (D)
  A slave (D)
  4 orc warriors (D)
  5 wights (D)
  A crimson imp (D)
  An orc priest (D)
  A hound (D)
  3 orc wizards (D)
  3 sheep (D)
  A mummy (D)
  A gnoll (D)
  An adder (D)
  A giant eyeball (D)
  2 ufetubi (D)
  An ooze (D)
  An adder zombie (D)
  An adder simulacrum (D)
  A giant gecko (D)
  7 orcs (D)
  A ball python (D)
  A hobgoblin (D)
  2 bats (D)
  A giant newt (D)
98 creatures vanquished.

Vanquished Creatures (collateral kills)
  An anaconda (D)
  4 orc knights (D)
  A yaktaur (D)
  A komodo dragon (D)
7 creatures vanquished.

Vanquished Creatures (others)
  A redback (D)
1 creature vanquished.

Grand Total: 106 creatures vanquished
